 Dungeon Crawl Stone Soup version 0.22.1-1-ga44c0e56f4 (webtiles) character file.

11110 Gargoyl the Agent of Entropy (level 11, -5/138 HPs)
             Began as a Centaur Abyssal Knight on Oct 19, 2018.
             Was a Priest of Lugonu.
             Slain by a spiny frog (14 damage)
             ... on level 2 of the Lair of Beasts.
             The game lasted 00:20:35 (15852 turns).

Gargoyl the Agent of Entropy (CeAK)                Turns: 15852, Time: 00:20:36

Health: -5/138     AC: 27    Str: 16    XL:     11   Next: 45%
Magic:  17/17      EV:  1    Int: 11    God:    Lugonu [***...]
Gold:   595        SH:  3    Dex: 11    Spells: 10/10 levels left

rFire    . . .     SeeInvis .   e - +5 war axe (freeze)
rCold    . . .     Gourm    .   D - +0 buckler
rNeg     + + +     Faith    .   (armour currently unavailable)
rPois    +         Spirit   .   (helmet currently unavailable)
rElec    .         Reflect  .   (cloak currently unavailable)
rCorr    .         Harm     .   (gloves currently unavailable)
MR       .....     NoTele   +   (no barding)
Stlth    +.........             v - amulet of the acrobat
HPRegen  0.33/turn              k - +2 ring of protection
MPRegen  0.15/turn              p - ring of poison resistance

@: tree-form
A: large
a: Depart the Abyss, Bend Space, Banish, Renounce Religion


You were on level 2 of the Lair of Beasts.
You worshipped Lugonu.
Lugonu was most pleased with you.
You were very hungry.
You were a tree.
You visited 2 branches of the dungeon, and saw 10 of its levels.
You visited the Abyss 1 time.
You also visited: Ossuary.

You collected 595 gold pieces.

Inventory:

Hand Weapons
 a - a +2 hand axe
 e - a +5 war axe of freezing (weapon)
Armour
 q - a +1 chain mail (melded)
 D - a +0 buckler (worn)
 F - a +1 helmet (melded)
Jewellery
 k - a +2 ring of protection (left branch)
 p - a ring of poison resistance (right branch)
 v - an amulet of the acrobat (around neck)
Wands
 l - a wand of flame (55)
 o - a wand of iceblast (12)
 u - a wand of random effects (34)
 w - a wand of digging (15)
 y - a wand of acid (10)
 A - a wand of clouds (6)
Scrolls
 f - 4 scrolls of blinking
 g - 3 scrolls of remove curse
 j - 10 scrolls of identify
 m - 3 scrolls of teleportation
 x - 2 scrolls of magic mapping
Potions
 d - 3 potions of haste
 h - 3 potions of curing
 n - a potion of berserk rage
 r - 2 potions of flight
 s - a potion of magic
 t - 2 potions of brilliance
 z - 2 potions of ambrosia
 B - a potion of invisibility {unknown}
 C - a potion of mutation {unknown}
Comestibles
 c - 17 rations


   Skills:
 + Level 7.6 Fighting
 + Level 9.1 Axes
 * Level 8.5 Armour
 + Level 2.2 Dodging
 + Level 0.2 Shields
 * Level 9.1 Invocations
 + Level 0.4 Evocations


You had 10 spell levels left.
You didn't know any spells.
Your spell library contained the following spells:

 Spells                   Type           Power        Failure   Level  Hunger
 Corona                   Hex            #......      50%         1    ##.....
 Poisonous Vapours        Pois/Air       #.....       63%         2    ###....
 Slow                     Hex            #.......     63%         2    ###....
 Conjure Flame            Conj/Fire      #.......     86%         3    ####...
 Inner Flame              Hex/Fire       #.......     86%         3    ####...
 Mephitic Cloud           Conj/Pois/Air  #.......     86%         3    ####...
 Portal Projectile        Hex/Tloc       #.....       86%         3    ####...
 Cause Fear               Hex            #.........   99%         4    #####..
 Leda's Liquefaction      Hex/Erth       #.........   99%         4    #####..
 Freezing Cloud           Conj/Ice/Air   #.........   100%        6    #######
 Ring of Flames           Chrm/Fire      #.........   100%        7    #######


Dungeon Overview and Level Annotations

Branches:
Dungeon (8/15)             Temple (0/1) D:4            Lair (2/6) D:8
  Swamp: Lair:2-4    Shoals: Lair:2-4     Snake: Lair:2-4    Spider: Lair:2-4

Altars:
Cheibriados
Dithmenos
Fedhas
Vehumet


Innate Abilities, Weirdness & Mutations

((You have hooves in place of feet.))
((Armour fits poorly on your strangely shaped body.))
((You cover ground very quickly.))
((You have extremely tough skin. (AC +3)))


Message History

Found 9 gold pieces.
The porcupine closely misses you.
You are struck by the porcupine's spines.
* * * LOW HITPOINT WARNING * * *
You closely miss the porcupine. You hit the spiny frog.
You freeze the spiny frog. The porcupine bites you!
* * * LOW HITPOINT WARNING * * *
The spiny frog barely misses you.
You are struck by the porcupine's spines.
* * * LOW HITPOINT WARNING * * *
You slash the porcupine! You freeze the porcupine.
You kill the porcupine!
Lugonu accepts your kill.
You hit the spiny frog. You freeze the spiny frog.
You block the spiny frog's attack.
A black mamba comes into view.
You turn into a tree.
Your +1 helmet melds into your body.
Your +1 chain mail melds into your body.
Your roots penetrate the ground.
The spiny frog stings you!
You die...

# #...$# # ..P.. #
##.... # #P.#.# #
#...# #...# #...#
#...## #.#♣.#
##..F.# ####....##
#####♣#≈##....#
#P##≈≈♣≈≈≈♣.P.##
♣♣♣P≈≈≈P≈≈S≈♣♣.#..#
≈≈≈♣♣♣♣≈≈≈≈≈≈≈.#..#
≈≈≈≈P≈P≈≈P≈≈P≈....#
.................##


You could see a black mamba (wandering) and a spiny frog.

Vanquished Creatures
  2 spiny frogs
  2 elephants (Lair:2)
  A torpor snail (Lair:2)
  2 komodo dragons
  A troll (D:7)
  2 hippogriffs
  4 dream sheep
  11 yaks
  3 water moccasins (Lair:2)
  5 porcupines
  2 orc warriors
  3 ice beasts
  A phantom (D:8)
  A black bear (Lair:1)
  A wolf (D:7)
  3 ogres
  3 centaurs
  3 crocodiles
  A big kobold (D:8)
  7 bullfrogs
  A wyvern zombie (D:4)
  2 scorpions (D:6)
  7 killer bees
  12 wights
  An electric eel (Lair:2)
  5 crimson imps
  2 bullfrog zombies (D:7)
  2 human zombies (Ossuary)
  A gnoll shaman (D:6)
  An orc priest (D:5)
  11 hounds
  2 jellies (D:7)
  An orc wizard (D:7)
  Jessica (D:2)
  2 iguanas (D:4)
  A worker ant (D:6)
  2 big kobold zombies (Ossuary)
  A hound skeleton (D:8)
  2 mummies (Ossuary)
  Robin (D:2)
  13 adders
  4 gnolls (D:6)
  A shadow imp (D:7)
  2 oozes
  3 dart slugs
  A worm (D:2)
  4 leopard geckos
  21 orcs
  A ball python (D:4)
  8 bats
  5 giant cockroaches
  14 goblins
  14 hobgoblins
  8 jackals
  10 kobolds
  6 quokkas
  3 frilled lizards (D:1)
  5 hobgoblin zombies (Ossuary)
  2 jackal zombies (Ossuary)
  11 kobold zombies (Ossuary)
  A leopard gecko skeleton (D:4)
  12 orc zombies (Ossuary)
  6 rats
  A rat zombie (Ossuary)
272 creatures vanquished.

Vanquished Creatures (others)
  A hydra (Lair:1)
  A merfolk siren (Lair:2)
  A black mamba (Lair:1)
  A komodo dragon (Lair:1)
  6 electric eels
  4 fungi (Lair:2)
  8 plants (Lair:2)
22 creatures vanquished.

Grand Total: 294 creatures vanquished

Notes
Turn   | Place    | Note
-------+----------+-------------------------------------------
     0 | Abyss:1  | Gargoyl the Centaur Abyssal Knight began the quest for the
                  | Orb.
     0 | Abyss:1  | Reached XP level 1. HP: 19/19 MP: 2/2
    54 | Abyss:1  | Noticed a large abomination
    61 | Abyss:1  | Noticed an earth elemental
    63 | D:1      | Escaped the Abyss
   161 | D:1      | Reached XP level 2. HP: 26/26 MP: 3/3
   212 | D:1      | Reached * piety under Lugonu
   759 | D:2      | Reached XP level 3. HP: 32/33 MP: 4/4
  1009 | D:2      | Noticed Robin
  1017 | D:2      | Killed Robin
  1017 | D:2      | Reached XP level 4. HP: 34/40 MP: 5/5
  1019 | D:2      | Reached skill level 1 in Dodging
  1021 | D:2      | Reached ** piety under Lugonu
  1294 | D:2      | Noticed Jessica
  1307 | D:2      | Killed Jessica
  1639 | D:2      | Found a blossoming altar of Fedhas.
  1640 | D:2      | Found a radiant altar of Vehumet.
  1827 | D:3      | Reached XP level 5. HP: 39/46 MP: 7/7
  2962 | D:3      | Reached *** piety under Lugonu
  3398 | D:4      | Reached XP level 6. HP: 39/52 MP: 8/8
  3846 | D:4      | Found a staircase to the Ecumenical Temple.
  3868 | D:4      | Found a sand-covered staircase.
  3877 | Ossuary  | Entered an ossuary
  4051 | Ossuary  | Reached **** piety under Lugonu
  4549 | D:4      | Reached XP level 7. HP: 49/60 MP: 9/9
  4972 | D:5      | Entered Level 5 of the Dungeon
  5216 | D:5      | Found a shadowy altar of Dithmenos.
  5881 | D:5      | Reached skill level 5 in Fighting
  5881 | D:5      | Reached skill level 5 in Axes
  5885 | D:5      | Reached XP level 8. HP: 45/68 MP: 11/11
  6421 | D:6      | Reached skill level 5 in Invocations
  7274 | D:7      | Reached ***** piety under Lugonu
  8070 | D:6      | Reached XP level 9. HP: 58/75 MP: 13/13
  8325 | D:7      | Reached skill level 5 in Armour
  9494 | D:7      | Found a snail-covered altar of Cheibriados.
  9588 | D:8      | Noticed a troll
  9773 | D:7      | Killed a troll
 10766 | D:8      | Reached XP level 10. HP: 76/84 MP: 15/15
 11153 | D:8      | Found a staircase to the Lair.
 11251 | Lair:1   | Entered Level 1 of the Lair of Beasts
 11475 | Lair:1   | Noticed a spiny frog
 11485 | Lair:1   | Killed a spiny frog
 11758 | Lair:1   | Noticed a six-headed hydra
 11759 | Lair:1   | Banished a six-headed hydra
 11932 | Lair:1   | Noticed a black mamba
 11942 | Lair:1   | Banished a black mamba
 13246 | Lair:1   | Found a blossoming altar of Fedhas.
 13756 | Lair:2   | Noticed a torpor snail
 13770 | Lair:2   | Killed a torpor snail
 14290 | Lair:2   | Reached XP level 11. HP: 87/92 MP: 17/17
 15852 | Lair:2   | Slain by a spiny frog

Skill      XL: |  1  2  3  4  5  6  7  8  9 10 11 |
---------------+----------------------------------+-----
Axes           | 2 3 4 5 6 7 8 9 |  9.1
Dodging        | 1 2 |  2.2
Fighting       | 4 5 6 7 |  7.6
Armour         | 2 3 4 6 7 8 |  8.5
Invocations    | 3 4 5 6 8 9 |  9.1
Shields        | |  0.2
Evocations     | |  0.4

Action                   |  1- 3 |  4- 6 |  7- 9 | 10-12 || total
-------------------------+-------+-------+-------+-------++-------
Melee: Hand axe          |    84 |   333 |   114 |       ||   531
       Kick              |    15 |    57 |    70 |    59 ||   201
       War axe           |       |       |   286 |   217 ||   503
Invok: Depart the Abyss  |     1 |       |       |       ||     1
       Bend Space        |       |     1 |     1 |       ||     2
       Banish            |       |       |     1 |    11 ||    12
Evoke: Wand              |       |     3 |       |     5 ||     8
  Use: Scroll            |     1 |     7 |     8 |     1 ||    17
       Potion            |       |     7 |     6 |     2 ||    15
  Eat: Chunk             |       |     6 |     8 |    14 ||    28
       Ration            |       |     1 |     3 |     1 ||     5
Armor: Ring mail         |    53 |    67 |       |       ||   120
       Chain mail        |       |   159 |   382 |   126 ||   667
       Skin              |       |    19 |       |       ||    19
Dodge: Dodged            |    55 |   116 |   136 |    78 ||   385
Block: Buckler           |       |       |       |    15 ||    15
